Map: Frozen Temple

Players

FireCake

  • Race: Zerg Zerg
  • League: Grandmaster

SHODAN - Winner!

  • Race: Terran Terran
  • League: Master

VOD

Have the link to the VOD?

Description

Time

  • Played on: June 2, 2016, 10:52 a.m.
  • Length: 5:09
Show
View Real Time Build Order
Export as new Build Order

FireCake Zerg 

Build Orders: Hatch First 

Get SALT Encoding   

  12  0:00  Drone  
  13  0:08  Drone  
  14  0:16  Overlord  
  14  0:22  Extractor  
  14  0:23  Drone  
  15  0:35  Drone x2  
  17  0:51  Hatchery  
  17  0:54  Drone  
  17  0:57  Drone  
  18  1:08  Extractor  
  17  1:13  Spawning Pool  
  17  1:15  Drone  
  17  1:18  Drone  
  18  1:27  Drone  
  19  1:37  Overlord  
  19  1:59  Queen  
  19  2:00  Zergling x4  
  23  2:03  Zergling x2, Queen  
  23  2:08  Metabolic Boost  
  26  2:09  Drone  
  26  2:14  Drone  
  28  2:23  Drone  
  28  2:26  Drone  
  30  2:31  Drone  
  30  2:35  Queen  
  33  2:42  Overlord  
  33  2:45  Drone  
  33  2:50  Drone  
  35  2:52  Pneumatized Carapace  
  35  2:56  Drone  
  36  3:17  Drone x8  
  44  3:21  Overlord  
  44  3:30  Overlord  
  44  3:34  Hatchery  
  43  3:40  Drone  
  43  3:41  Drone x2  
  46  3:51  Drone  
  46  3:52  Drone x4  
  46  3:53  Roach Warren  
  50  3:58  Overlord  
  50  3:59  Drone  
  50  4:00  Drone  
  52  4:06  Evolution Chamber  
  48  4:10  Queen  
  48  4:12  Extractor  
  48  4:15  Queen  
  51  4:26  Zergling x4  
  51  4:27  Zergling x6  
  56  4:33  Spore Crawler  
  55  4:39  Spore Crawler  
  55  4:43  Spore Crawler  
  55  4:45  Roach x4  
  62  4:46  Spore Crawler  
Show
View Real Time Build Order
Export as new Build Order

SHODAN Terran - Winner!

Build Orders: Reaper Expand, Hellion Banshee 

Get SALT Encoding   

  12  0:00  SCV  
  13  0:13  SCV  
  14  0:18  Supply Depot  
  14  0:25  SCV  
  15  0:28  Refinery  
  15  0:39  SCV  
  16  0:46  Barracks  
  16  0:51  SCV  
  17  1:04  SCV  
  18  1:16  SCV  
  19  1:33  Reaper, Orbital Command  
  20  1:44  Command Center  
  20  1:54  Factory  
  20  1:58  SCV  
  21  2:07  Barracks Reactor  
  21  2:10  Supply Depot  
  21  2:12  SCV  
  22  2:20  Refinery  
  22  2:24  SCV  
  23  2:36  SCV  
  24  2:46  Starport  
  24  2:48  SCV  
  29  2:51  Hellion x2  
  29  2:57  Orbital Command  
  29  3:00  SCV  
  30  3:06  Barracks Tech Lab  
  30  3:12  SCV  
  30  3:21  Supply Depot, Hellion  
  30  3:22  Hellion  
  30  3:24  SCV x2  
  36  3:33  Banshee  
  39  3:36  SCV x2  
  41  3:45  Supply Depot  
  41  3:48  SCV  
  41  3:51  SCV, Hellion x2  
  47  4:00  SCV  
  48  4:11  SCV  
  48  4:12  SCV  
  48  4:13  Armory  
  48  4:16  Banshee  
  53  4:22  Supply Depot  
  53  4:23  SCV  
  54  4:24  SCV  
  54  4:31  Hellion x2  
  59  4:35  SCV  
  59  4:37  SCV  
  61  4:47  SCV  
  61  4:49  SCV  
  63  4:59  Command Center  
Tags
 
Add a new tag
Caveats
  • Supply blocks, unpowered buildings, or Contaminate may cause inaccurate times.
  • Supply counts are checked every 10 seconds.